Map: Nightscape LE

Players

Massa - Winner!

  • Race: Terran Terran
  • League: Platinum
  • Spawn Location: 1:00

qqq - Winner!

  • Race: Zerg Zerg
  • Spawn Location: 1:00

AufDenSack

  • Race: Zerg Zerg
  • Spawn Location: 7:00

SteveDrops

  • Race: Terran Terran
  • Spawn Location: 7:00

VOD

Have the link to the VOD?

Description

Time

  • Played on: Nov. 10, 2020, 3:53 p.m.
  • Length: 23:11
Show
View Real Time Build Order
Export as new Build Order

Massa Terran - Winner!

Build Orders:  

Get SALT Encoding   

  12  0:00  SCV  
  13  0:12  SCV  
  14  0:23  Supply Depot  
  14  0:25  SCV  
  15  0:45  SCV, Barracks  
  16  0:57  SCV  
  17  1:09  SCV  
  18  1:21  SCV  
  18  1:25  Refinery  
  19  1:33  Marine  
  19  1:36  Orbital Command, Command Center  
  20  1:42  Refinery  
  20  1:50  Marine  
  21  2:08  Marine  
  22  2:20  Barracks  
  22  2:23  Barracks  
  22  2:25  Barracks  
  22  2:26  SCV  
  23  2:40  Supply Depot  
  23  2:48  SCV, Reaper  
  23  2:50  Orbital Command  
  25  3:09  Barracks Tech Lab  
  25  3:13  SCV, Factory  
  25  3:16  Barracks Tech Lab  
  26  3:22  SCV  
  26  3:24  Barracks Reactor  
  26  3:25  SCV, Barracks Tech Lab  
  28  3:34  SCV  
  28  3:37  SCV  
  28  3:39  Stimpack  
  28  3:41  Marauder  
  32  3:42  Marine  
  32  3:46  SCV  
  34  3:49  SCV, Combat Shield  
  35  4:14  Marauder x2, Marine  
  35  4:15  Marine  
  35  4:17  Factory Tech Lab  
  41  4:18  SCV x2  
  43  4:27  Starport  
  43  4:30  SCV x2  
  45  4:31  Concussive Shells  
  45  4:35  Marine  
  46  4:44  Refinery  
  46  4:46  Supply Depot  
  46  4:49  Supply Depot  
  46  4:54  Engineering Bay  
  46  5:07  Marauder x2, Marine x2, Medivac  
  46  5:11  SCV x2  
  46  5:13  Refinery  
  56  5:15  Cyclone  
  59  5:23  SCV x2  
  59  5:26  Marine  
  62  5:30  Missile Turret  
  62  6:01  Supply Depot  
  62  6:04  Supply Depot  
  62  6:06  Supply Depot  
  62  6:22  Marauder, Marine x2  
  62  6:23  Marauder x2, Supply Depot  
  71  6:25  Cyclone  
  71  6:30  Supply Depot  
  70  6:40  Marine  
  70  6:43  Medivac  
  73  6:54  Marauder  
  73  6:55  Marauder x2, Marine  
  73  6:57  Siege Tank  
  73  6:58  Marine  
  81  7:02  Missile Turret  
  81  7:04  Missile Turret  
  81  7:06  Missile Turret  
  77  7:12  Missile Turret  
  77  7:13  Medivac  
  79  7:15  Missile Turret  
  79  7:16  Marauder x2  
  85  7:30  Widow Mine  
  87  7:51  Widow Mine  
  87  7:55  Starport Reactor  
  87  7:59  Barracks  
  87  8:03  Missile Turret  
  87  8:18  Command Center  
  87  8:27  Missile Turret x2  
  87  8:28  Missile Turret  
  87  8:49  Missile Turret  
  87  8:50  Missile Turret  
  87  8:51  Missile Turret  
  77  9:03  Marine  
  77  9:04  Marine x4  
  82  9:12  Missile Turret  
  82  9:17  Cyclone  
  82  9:20  Marine  
  82  9:21  Marine x2  
  82  9:22  Marine x2  
  82  9:23  Barracks Reactor  
  90  9:24  Armory  
  90  9:35  Factory  
  90  9:36  Factory  
  90  9:49  Cyclone  
  93  10:07  Medivac x2  
  93  10:10  SCV x2  
  93  10:12  Orbital Command  
  99  10:16  Refinery  
  99  10:17  Refinery  
  99  10:21  Thor  
  99  10:22  SCV x2  
  99  10:23  Factory Reactor  
  99  10:24  Factory Reactor  
  107  10:30  Drilling Claws  
  107  10:34  SCV  
  95  10:37  Medivac  
  95  10:41  Marauder  
  95  10:42  Marauder x2  
  65  10:52  Marine x4  
  69  10:57  Medivac  
  69  11:01  Widow Mine  
  69  11:02  Marine  
  69  11:03  Widow Mine, Marauder, Marine  
  79  11:05  Widow Mine  
  81  11:33  Marauder x2, Marine  
  81  11:34  Marauder, Marine  
  81  11:36  Widow Mine  
  81  11:37  Widow Mine x2  
  81  11:38  Widow Mine  
  97  11:48  Smart Servos  
  97  11:55  Marauder x2  
  99  12:06  Widow Mine x5  
  109  12:09  Marine  
  109  12:10  Marauder, Marine x3  
  109  12:14  SCV x2  
  117  12:29  Supply Depot  
  117  12:30  Supply Depot  
  117  12:31  Supply Depot  
  117  12:35  Supply Depot  
  117  12:51  Widow Mine x2, SCV, Marauder  
  124  12:52  Widow Mine  
  124  12:54  Supply Depot x2  
  124  12:55  Supply Depot  
  125  13:38  Marauder  
  125  13:39  Marauder, Marine x3  
  95  13:56  Marauder, Marine  
  95  13:59  Marauder  
  95  14:01  Marauder  
  74  14:06  Widow Mine  
  74  14:07  Widow Mine x2  
  74  14:08  Widow Mine x2  
  84  14:14  Marine  
  84  14:15  Marine x3  
  88  14:18  Marauder, Terran Infantry Weapons Level 1  
  88  14:21  Marauder, Engineering Bay  
  88  14:22  Marauder  
  94  14:25  Medivac x2  
  94  14:26  Armory  
  94  14:27  Widow Mine  
  94  14:28  Widow Mine  
  94  14:29  Widow Mine  
  94  14:30  Widow Mine x2  
  108  14:31  Marine  
  108  14:32  Marine x2  
  108  14:33  Marine  
  110  14:39  Marauder  
  110  14:42  Marauder  
  110  14:43  Marauder  
  116  14:48  Widow Mine  
  116  14:49  Widow Mine, Marine  
  116  14:50  Widow Mine, Marine x3  
  116  14:51  Widow Mine x2  
  130  14:53  Command Center  
  130  14:55  Medivac  
  132  15:00  SCV, Marauder  
  132  15:01  SCV x2  
  132  15:04  Marauder  
  132  15:05  Marauder  
  141  15:07  Marine  
  141  15:08  Marine x2  
  141  15:10  Widow Mine  
  141  15:11  Widow Mine x2  
  141  15:12  Widow Mine, SCV  
  141  15:13  Widow Mine, SCV  
  156  15:15  SCV  
  157  15:22  Marauder  
  157  15:25  SCV x2, Marauder  
  157  15:26  Marauder  
  157  15:27  Refinery, SCV  
  166  15:30  Refinery  
  166  15:31  Widow Mine  
  166  15:32  Widow Mine  
  166  15:33  Widow Mine  
  172  15:50  Missile Turret  
  172  15:53  Missile Turret  
  172  16:02  Terran Infantry Armor Level 1  
  172  16:03  Supply Depot  
  172  16:04  Supply Depot  
  172  16:05  Widow Mine x3, Marauder x2  
  182  16:12  Missile Turret  
  182  16:15  Missile Turret  
  182  16:17  Supply Depot x2  
  182  16:19  Supply Depot x2  
  182  16:24  Marauder, Marine x3  
  187  16:26  Widow Mine, Marauder, Supply Depot x2  
  187  16:27  Widow Mine  
  193  16:44  Supply Depot  
  193  16:48  Supply Depot  
  193  16:51  Supply Depot  
  142  17:43  Viking x2  
  129  17:45  Marauder x3, Marine x2  
  129  17:46  Marine x2  
  129  17:47  Widow Mine x3  
  129  17:48  Widow Mine x2  
  149  18:06  Marauder  
  149  18:07  Marauder  
  149  18:13  Widow Mine, Viking x2  
  149  18:14  Widow Mine x4  
  163  18:21  Orbital Command  
  163  18:35  Widow Mine x4  
  171  18:43  Viking x2  
  167  19:13  Viking x2  
  171  19:24  Marauder x3, Marine  
  169  19:25  Marine x3  
  169  19:27  Widow Mine  
  169  19:28  Widow Mine x4  
  162  19:40  Orbital Command  
  162  19:48  Widow Mine  
  162  19:49  Widow Mine x2  
  162  19:50  Widow Mine x2  
  152  20:10  Widow Mine  
  152  20:11  Widow Mine x4  
  156  20:31  Widow Mine  
  156  20:32  Widow Mine x3  
  156  20:33  Widow Mine  
  144  20:44  SCV  
  131  20:56  SCV  
  129  21:09  SCV  
  111  21:19  Viking x2  
  111  21:21  SCV  
  81  22:47  Command Center  
  81  22:48  Supply Depot  
  81  22:49  Barracks, Supply Depot  
Show
View Real Time Build Order
Export as new Build Order

qqq Zerg - Winner!

Build Orders: Hatch First, Zergling Baneling 

Get SALT Encoding   

  12  0:00  Drone  
  13  0:10  Drone  
  14  0:40  Hatchery  
  13  0:51  Spawning Pool  
  12  0:59  Overlord  
  12  1:04  Drone  
  12  1:07  Extractor  
  12  1:12  Drone  
  12  1:17  Drone  
  14  1:27  Drone  
  15  1:45  Drone x2  
  17  1:53  Drone  
  18  1:57  Extractor  
  18  2:00  Zergling x2  
  18  2:01  Queen  
  20  2:04  Drone  
  21  2:12  Metabolic Boost  
  21  2:20  Overlord  
  21  2:25  Zergling x2  
  21  2:27  Zergling x2  
  23  2:30  Zergling x2  
  23  2:33  Zergling x2  
  25  2:38  Zergling x2  
  25  2:41  Zergling x2  
  27  2:48  Baneling Nest  
  27  2:51  Drone  
  27  2:55  Zergling x2  
  28  2:59  Zergling x2  
  28  3:03  Zergling x2  
  30  3:09  Zergling x2  
  30  3:10  Zergling x2  
  32  3:16  Zergling x2  
  32  3:18  Zergling x2  
  34  3:20  Zergling x2  
  35  3:28  Zergling x2  
  36  3:35  Baneling x6  
  36  3:42  Overlord  
  36  3:48  Overlord  
  32  4:02  Baneling x4  
  31  4:07  Drone  
  31  4:08  Drone x2  
  34  4:10  Drone  
  29  4:30  Drone x3  
  29  4:31  Queen  
  29  4:39  Lair  
  29  4:42  Drone  
  29  4:44  Drone  
  31  4:47  Extractor  
  31  4:48  Drone  
  31  4:52  Drone  
  32  4:53  Drone  
  32  4:56  Drone  
  34  5:07  Drone  
  34  5:08  Drone  
  36  5:18  Drone  
  37  5:24  Drone  
  37  5:27  Drone, Overlord  
  39  5:34  Hatchery  
  38  5:37  Drone, Spire  
  38  5:40  Drone  
  39  5:46  Zergling x2  
  39  5:49  Drone  
  41  6:00  Drone x3, Evolution Chamber  
  41  6:03  Evolution Chamber  
  42  6:09  Drone x2  
  42  6:11  Drone  
  46  6:18  Zergling x6  
  46  6:19  Zergling x2  
  46  6:24  Baneling x2  
  49  6:30  Overlord  
  49  6:34  Zerg Melee Weapons Level 1  
  49  6:36  Zerg Ground Armor Level 1  
  49  6:39  Drone  
  51  6:40  Drone x2  
  51  6:45  Extractor x2  
  50  6:48  Queen  
  50  6:51  Drone x2  
  54  6:56  Drone  
  54  6:59  Mutalisk  
  57  7:03  Mutalisk  
  59  7:10  Drone  
  59  7:13  Spore Crawler  
  59  7:14  Drone  
  60  7:16  Drone  
  60  7:19  Hatchery  
  60  7:22  Mutalisk  
  60  7:25  Drone x2, Overlord x3  
  64  7:33  Drone  
  65  7:42  Zerg Flyer Weapons Level 1  
  65  7:43  Corruptor  
  67  7:45  Mutalisk  
  67  7:46  Drone x3  
  67  7:49  Extractor  
  71  7:52  Queen  
  71  7:54  Drone  
  74  8:02  Mutalisk, Infestation Pit  
  74  8:03  Drone  
  74  8:04  Drone  
  74  8:05  Zergling x2  
  78  8:13  Drone  
  78  8:14  Drone  
  78  8:17  Drone  
  81  8:21  Baneling x4  
  81  8:22  Mutalisk  
  81  8:24  Drone x3  
  86  8:29  Extractor  
  86  8:30  Drone  
  86  8:31  Spore Crawler  
  86  8:32  Drone x2  
  86  8:33  Mutalisk  
  89  8:37  Spore Crawler  
  89  8:38  Spore Crawler  
  89  8:39  Spore Crawler  
  84  8:45  Hive  
  82  8:48  Spore Crawler  
  82  8:51  Spore Crawler  
  77  8:58  Spore Crawler  
  75  9:05  Drone x6  
  75  9:06  Mutalisk x2  
  75  9:07  Mutalisk  
  87  9:11  Spore Crawler  
  84  9:30  Mutalisk  
  84  9:31  Mutalisk x2  
  81  9:32  Drone  
  81  9:36  Overlord x5  
  87  9:45  Overlord x4  
  86  10:02  Mutalisk x3  
  86  10:04  Drone x3  
  95  10:08  Viper  
  95  10:12  Viper  
  101  10:16  Drone  
  94  10:38  Hatchery  
  84  10:48  Zergling x8  
  84  10:49  Zergling x4  
  87  10:50  Drone x4, Zergling x4  
  87  10:53  Baneling x3  
  92  10:58  Zerg Melee Weapons Level 2  
  92  10:59  Zerg Ground Armor Level 2  
  92  11:00  Ultralisk Cavern  
  91  11:10  Drone  
  79  11:13  Zergling x6  
  79  11:14  Zergling x2  
  79  11:16  Baneling x8  
  79  11:17  Baneling x4  
  72  11:32  Zergling x4  
  74  11:59  Ultralisk x2  
  86  12:11  Hydralisk Den  
  86  12:13  Hatchery  
  84  12:19  Hatchery  
  83  12:26  Ultralisk  
  83  12:27  Zergling x6  
  83  12:28  Zergling x8  
  96  12:40  Ultralisk  
  102  12:51  Zergling x8  
  106  13:00  Anabolic Synthesis  
  106  13:15  Zerg Missile Weapons Level 1  
  50  13:49  Zergling x4, Ultralisk x2  
  50  13:50  Zergling x6  
  50  13:51  Drone x5  
  66  13:58  Drone  
  66  14:01  Ultralisk  
  66  14:02  Hydralisk  
  75  14:05  Drone  
  76  14:12  Baneling x7  
  76  14:28  Drone x2  
  76  14:29  Drone x3, Lurker Den  
  80  14:40  Hydralisk  
  83  14:46  Lurker Den  
  83  14:49  Hydralisk x4  
  83  14:51  Drone x4  
  94  14:56  Spore Crawler  
  94  14:58  Spore Crawler  
  92  15:01  Extractor  
  92  15:06  Drone x3  
  94  15:13  Zerg Melee Weapons Level 3  
  94  15:14  Zergling x6  
  97  15:19  Drone x2  
  97  15:21  Hydralisk  
  99  15:25  Muscular Augments  
  101  15:32  Zergling x2  
  101  15:33  Zergling x4  
  101  15:34  Drone x3  
  107  15:36  Extractor  
  107  15:37  Extractor  
  105  15:48  Adrenal Glands  
  105  16:01  Drone x2  
  107  16:04  Zergling x8  
  107  16:05  Zergling x8  
  107  16:09  Lurker x2  
  116  16:12  Drone  
  113  16:21  Seismic Spines  
  113  16:27  Drone  
  113  16:28  Drone  
  115  16:33  Hydralisk  
  115  16:34  Hydralisk  
  115  16:37  Lurker  
  115  16:38  Lurker  
  121  16:41  Hydralisk x2  
  125  16:47  Queen  
  125  16:49  Hatchery  
  126  16:55  Hatchery  
  85  17:35  Corruptor x8  
  85  17:36  Corruptor  
  98  17:37  Drone x3  
  91  17:50  Zergling x2  
  89  17:53  Ultralisk  
  89  17:54  Zergling x2  
  89  17:57  Zerg Missile Weapons Level 2  
  96  18:04  Drone x3  
  99  18:08  Zergling x6  
  102  18:14  Zergling x4  
  102  18:15  Zergling x2  
  102  18:17  Spore Crawler  
  102  18:18  Spine Crawler  
  103  18:20  Spine Crawler  
  103  18:21  Spine Crawler  
  103  18:22  Spine Crawler  
  103  18:26  Ultralisk  
  103  18:46  Ultralisk  
  103  18:47  Zergling x6  
  103  18:48  Corruptor x2  
  107  19:02  Corruptor x2  
  108  19:04  Drone  
  110  19:20  Viper  
  109  19:36  Viper  
  109  19:38  Zergling x4  
  109  19:39  Zergling x10  
  109  19:44  Spine Crawler  
  109  19:45  Drone, Spine Crawler x2, Spore Crawler  
  98  20:03  Drone  
  98  20:04  Drone x3  
  63  21:37  Hatchery  
Show
View Real Time Build Order
Export as new Build Order

AufDenSack Zerg 

Build Orders: Hatch First 

Get SALT Encoding   

  12  0:00  Drone  
  13  0:08  Drone  
  14  0:16  Overlord  
  14  0:22  Extractor  
  14  0:23  Drone  
  15  0:34  Drone  
  17  0:35  Drone  
  17  0:43  Drone  
  18  0:59  Hatchery  
  17  1:10  Spawning Pool  
  16  1:12  Drone  
  16  1:16  Drone  
  18  1:24  Drone  
  19  1:31  Extractor, Drone  
  19  1:37  Drone  
  20  1:47  Overlord  
  20  1:56  Queen  
  22  2:03  Overlord  
  22  2:12  Zergling x4  
  22  2:14  Queen  
  26  2:20  Roach Warren  
  26  2:22  Drone  
  26  2:24  Drone  
  27  2:34  Drone x2  
  29  2:44  Drone x2  
  29  2:47  Lair  
  31  2:53  Drone  
  32  2:59  Drone  
  32  3:01  Extractor  
  32  3:04  Roach  
  34  3:13  Spine Crawler  
  34  3:15  Roach  
  34  3:16  Spine Crawler  
  34  3:17  Roach  
  36  3:28  Overlord x2  
  36  3:33  Overlord  
  36  3:42  Overlord  
  36  3:50  Roach  
  38  4:01  Drone x3  
  38  4:02  Drone x3  
  43  4:06  Overlord  
  43  4:11  Roach  
  43  4:15  Drone x2  
  47  4:30  Roach x4  
  54  4:33  Roach  
  56  4:41  Extractor  
  56  4:44  Extractor  
  54  4:52  Hatchery  
  54  4:57  Spire  
  52  5:02  Drone x3  
  52  5:05  Drone x2  
  52  5:06  Drone x2  
  59  5:22  Drone x3  
  59  5:23  Drone x4  
  66  5:31  Drone x2  
  68  5:49  Overlord x4  
  68  5:53  Spore Crawler  
  67  6:05  Overlord x2  
  67  6:09  Zerg Flyer Weapons Level 1  
  67  6:10  Mutalisk x3  
  73  6:21  Mutalisk x3  
  79  6:26  Mutalisk  
  81  6:41  Drone x6  
  81  6:42  Drone x4  
  91  6:50  Mutalisk x2  
  95  7:02  Mutalisk x2  
  95  7:04  Drone  
  95  7:05  Drone x4  
  104  7:21  Hatchery  
  103  7:25  Infestation Pit  
  103  7:26  Mutalisk  
  104  7:30  Extractor  
  104  7:32  Extractor  
  102  7:39  Mutalisk x3  
  102  7:40  Mutalisk x5  
  118  7:50  Mutalisk  
  120  8:00  Drone x2  
  120  8:05  Overseer x2  
  122  8:15  Overlord x2  
  122  8:16  Overlord x3  
  122  8:24  Overlord x3  
  122  8:39  Corruptor x5  
  122  8:40  Corruptor x2  
  136  8:49  Corruptor  
  134  9:02  Roach x5  
  138  9:03  Roach x4  
  144  9:11  Hydralisk Den  
  144  9:15  Corruptor  
  143  9:24  Corruptor x2  
  147  9:34  Drone x7  
  147  9:36  Roach x2  
  158  9:44  Corruptor  
  160  9:51  Roach x4  
  168  9:59  Roach x2  
  176  10:00  Roach x2  
  176  10:04  Roach  
  176  10:06  Hydralisk  
  180  10:09  Grooved Spines  
  180  10:15  Evolution Chamber  
  179  10:24  Hydralisk x2, Roach x3  
  179  10:25  Hydralisk  
  177  10:42  Roach x4  
  141  10:43  Roach x5  
  141  10:44  Roach  
  145  10:53  Hydralisk x3  
  145  10:54  Hydralisk  
  153  11:06  Hydralisk  
  153  11:07  Hydralisk x5  
  165  11:12  Hydralisk x2  
  169  11:21  Hydralisk x3  
  169  11:22  Hydralisk  
  177  11:27  Zerg Missile Weapons Level 1  
  177  11:30  Muscular Augments  
  177  11:36  Hive  
  177  11:50  Drone x2  
  177  11:51  Drone x4  
  183  11:59  Corruptor x3  
  189  12:03  Drone x3  
  189  12:05  Extractor  
  189  12:08  Extractor  
  190  12:11  Corruptor  
  190  12:12  Overlord  
  190  12:13  Overlord x2  
  192  12:19  Hatchery  
  191  12:43  Corruptor x3  
  191  12:44  Corruptor  
  195  12:48  Drone  
  200  12:58  Greater Spire  
  200  13:02  Lurker Den  
  187  13:18  Hydralisk x4  
  187  13:19  Hydralisk  
  177  13:38  Hydralisk x4  
  177  13:39  Hydralisk x2  
  143  13:45  Hydralisk x2  
  143  13:46  Hydralisk x6  
  143  13:47  Hydralisk x3  
  136  13:54  Corruptor  
  122  14:04  Drone x3  
  122  14:06  Drone x2  
  122  14:07  Drone  
  128  14:22  Drone  
  128  14:23  Drone x5  
  134  14:25  Zerg Flyer Weapons Level 2, Corruptor  
  134  14:30  Hatchery  
  135  14:36  Corruptor x4  
  143  14:52  Corruptor x2  
  147  14:53  Corruptor  
  147  14:59  Corruptor  
  151  15:07  Corruptor  
  151  15:08  Extractor  
  151  15:13  Extractor  
  151  15:19  Brood Lord  
  153  15:31  Drone x2  
  153  15:32  Drone x2  
  153  15:33  Corruptor x3  
  163  15:37  Hatchery  
  163  15:41  Brood Lord  
  164  15:53  Brood Lord  
  166  16:00  Brood Lord x2  
  166  16:01  Brood Lord  
  166  16:15  Corruptor x2  
  166  16:16  Corruptor  
  170  16:20  Brood Lord  
  170  16:22  Brood Lord  
  174  16:27  Extractor x2  
  172  16:39  Corruptor x3  
  178  16:48  Brood Lord  
  178  16:50  Brood Lord  
  182  17:10  Brood Lord  
  182  17:11  Brood Lord x2  
  172  17:25  Corruptor x3  
  154  17:33  Corruptor  
  138  17:40  Corruptor  
  124  17:51  Corruptor x2  
  124  17:56  Drone x3  
  131  18:10  Corruptor  
  131  18:11  Corruptor x2  
  135  18:36  Corruptor x2  
  135  18:37  Corruptor x3  
  145  18:48  Corruptor  
  145  18:52  Corruptor  
  146  19:08  Spine Crawler  
  146  19:09  Spine Crawler  
  141  19:10  Spine Crawler x2  
  141  19:12  Spine Crawler  
  105  19:40  Spine Crawler  
  105  19:42  Spine Crawler  
  83  19:53  Corruptor x3  
  83  19:54  Corruptor  
Show
View Real Time Build Order
Export as new Build Order

SteveDrops Terran 

Build Orders: Command Center First (CC) 

Get SALT Encoding   

  12  0:01  SCV  
  13  0:43  SCV  
  14  0:59  SCV  
  14  1:00  Supply Depot  
  15  1:21  SCV  
  16  1:54  Command Center  
  16  2:01  SCV  
  16  2:03  Barracks  
  17  2:14  SCV  
  18  2:20  Barracks  
  18  2:35  Supply Depot  
  18  2:48  SCV  
  19  2:51  Marine  
  19  2:58  Bunker  
  20  3:00  SCV  
  20  3:05  Bunker  
  21  3:08  Marine  
  21  3:09  Marine  
  23  3:13  SCV  
  24  3:26  Marine  
  25  3:27  Marine  
  26  3:37  Supply Depot  
  26  3:40  Supply Depot  
  26  3:44  Marine  
  26  3:45  Marine  
  26  3:47  Barracks  
  28  4:02  Marine x2  
  30  4:10  Refinery  
  30  4:11  SCV  
  30  4:12  Refinery  
  30  4:14  SCV  
  32  4:17  Refinery  
  32  4:20  Marine  
  32  4:21  Refinery  
  32  4:23  SCV  
  34  4:26  SCV  
  29  4:34  Bunker  
  29  4:35  SCV  
  29  4:36  Bunker  
  29  4:37  Marine x2  
  32  4:47  SCV  
  32  4:48  SCV  
  34  4:55  Marine x2  
  34  4:56  Barracks Tech Lab  
  34  4:59  SCV  
  37  5:00  SCV  
  38  5:09  Bunker x2  
  38  5:12  SCV  
  38  5:13  Marine x2  
  41  5:17  Factory  
  41  5:18  Stimpack  
  41  5:20  Marine  
  42  5:30  Marine  
  42  5:31  Marine, SCV, Engineering Bay  
  42  5:34  SCV  
  46  5:58  Orbital Command  
  46  5:59  Missile Turret  
  46  6:03  Missile Turret  
  46  6:07  Missile Turret  
  46  6:08  SCV  
  47  6:12  Factory Tech Lab  
  47  6:13  Marine  
  47  6:20  SCV  
  43  6:33  SCV  
  42  6:45  SCV, Marine  
  34  6:57  SCV, Orbital Command  
  35  7:09  SCV  
  35  7:10  Siege Tank  
  39  7:19  Marine  
  39  7:21  SCV  
  41  7:24  SCV  
  41  7:27  Marine  
  43  7:33  SCV  
  44  7:42  Marine x2  
  46  7:44  SCV  
  46  7:45  SCV, Marine  
  49  7:51  Missile Turret  
  49  7:56  SCV  
  50  7:59  Marine  
  51  8:10  Missile Turret  
  51  8:13  SCV  
  51  8:14  Missile Turret  
  51  8:16  SCV  
  53  8:23  Combat Shield  
  53  8:25  SCV  
  53  8:26  Barracks Reactor  
  55  8:28  SCV  
  55  8:33  Terran Infantry Weapons Level 1  
  55  8:34  Siege Tank  
  58  8:35  Barracks Reactor  
  58  8:37  SCV  
  58  8:40  Engineering Bay  
  59  8:44  Missile Turret  
  59  8:49  SCV  
  56  9:02  SCV, Marine x3  
  60  9:12  Marine x2  
  62  9:21  Missile Turret  
  62  9:26  Orbital Command  
  62  9:31  Terran Infantry Armor Level 1  
  62  9:32  SCV, Marine x4  
  67  9:41  Starport  
  67  9:44  SCV, Barracks  
  68  9:56  Missile Turret  
  68  9:57  SCV x2  
  70  10:12  Armory  
  70  10:17  Concussive Shells  
  70  10:21  Supply Depot  
  70  10:22  Supply Depot  
  70  10:41  Marine  
  70  10:42  Marine x2  
  70  10:43  SCV x2, Siege Tank  
  70  10:44  Marine x3  
  80  10:55  SCV, Medivac  
  83  10:59  Marine  
  83  11:00  Marine x2  
  83  11:03  Marine  
  86  11:25  Marine x6  
  86  11:27  Medivac  
  83  11:43  Marine x3  
  86  11:51  Terran Infantry Weapons Level 2  
  86  11:56  Marine x3  
  86  11:58  Refinery  
  86  12:27  Command Center  
  86  12:56  Supply Depot  
  86  12:58  Supply Depot x2  
  86  13:18  SCV x2, Marine x3, Siege Tank  
  86  13:19  Marine x3  
  94  13:20  Medivac  
  94  13:22  Supply Depot x2  
  98  13:30  SCV x2  
  88  13:35  Marine x3  
  88  13:37  Marine x3  
  92  13:42  SCV  
  86  13:50  Medivac, Siege Tank  
  86  13:53  Marine x3  
  86  13:55  Marine x3  
  89  14:08  Command Center  
  89  14:11  Marine x3  
  89  14:12  Missile Turret  
  89  14:13  Marine x3  
  95  14:20  Medivac  
  95  14:22  Siege Tank  
  100  14:29  Marine x3  
  100  14:31  Marine x3  
  105  14:39  Missile Turret  
  105  14:43  SCV  
  105  14:45  SCV  
  107  14:47  Marine x3  
  107  14:49  Medivac  
  112  14:54  Siege Tank  
  112  14:59  Missile Turret  
  115  15:07  Marine  
  116  15:15  Missile Turret  
  116  15:19  Medivac  
  118  15:22  Planetary Fortress  
  118  15:26  Siege Tank  
  121  15:31  Missile Turret  
  121  15:36  Missile Turret  
  121  15:45  Marine x6  
  121  15:49  Terran Infantry Armor Level 2  
  127  15:59  Refinery  
  127  16:01  Refinery  
  127  16:03  Marine x6  
  133  16:20  Marine x2  
  133  16:21  Marine x3  
  133  16:25  Starport Reactor  
  139  16:28  Barracks Reactor  
  138  16:33  Barracks x2, Terran Vehicle And Ship Armor Level 1  
  138  16:36  Terran Infantry Weapons Level 3  
  138  16:38  Marine x3  
  141  16:50  Supply Depot  
  141  16:54  Supply Depot  
  141  17:11  Marine  
  141  17:12  Marine x4  
  145  17:29  Marine  
  105  17:30  Marine x4  
  99  17:46  Marine x4  
  99  17:47  Marine x5  
  106  18:04  Marine x4  
  106  18:05  Marine x5  
  115  18:21  Marine  
  115  18:22  Marine x4  
  115  18:23  Marine x4  
  123  18:28  Siege Tank  
  126  18:39  Marine x2  
  126  18:40  Marine x3  
  100  19:58  Marine  
  100  19:59  Marine x6  
  105  20:18  Marine  
  105  20:19  Marine x4  
  97  20:36  Marine  
Tags
 
Add a new tag
Caveats
  • Supply blocks, unpowered buildings, or Contaminate may cause inaccurate times.
  • Supply counts are checked every 10 seconds.